 Dungeon Crawl Stone Soup version 0.28.0-47-ge53b351184 (webtiles) character file.

Game seed: 3975977252254746136

40 Kangaroobicon the Sneak (level 3, 0/31 HPs)
             Began as a Gnoll Brigand on Apr 29, 2022.
             Slain by a goblin
             ... wielding a +0 club
             ... led by Robin
              (3 damage)
             ... on level 2 of the Dungeon.
             The game lasted 00:06:43 (971 turns).

Kangaroobicon the Sneak (Gnoll Brigand)              Turns: 971, Time: 00:06:44

Health: 0/31       AC:  4    Str: 12    XL:     3   Next: 50%
Magic:  4/4        EV: 12    Int: 10    God:
Gold:   35         SH:  0    Dex: 13    Spells: 3/3 levels left

rFire   . . .      SeeInvis .   a - +2 dagger
rCold   . . .      Faith    .   (no shield)
rNeg    . . .      Spirit   .   b - +0 robe
rPois   .          Reflect  .   j - +1 hat
rElec   .          Harm     .   c - +0 cloak
rCorr   .          Rampage  .   (no gloves)
Will    .....                   (no boots)
Stlth   ++++......              (no amulet)
HPRegen 0.10/turn               (no ring)
MPRegen 0.09/turn               (no ring)

@: no status effects
A: fangs 1, strong nose, distributed training
a: no special abilities


You were on level 2 of the Dungeon.
You visited 1 branch of the dungeon, and saw 2 of its levels.

You collected 35 gold pieces.

Inventory:

Hand Weapons
 a - a +2 dagger (weapon)
Missiles
 d - 8 poisoned darts (quivered)
 e - 2 curare-tipped darts
 i - 55 stones
 k - 13 sling bullets
Armour
 b - a +0 robe (worn)
 c - a +0 cloak (worn)
 j - a +1 hat (worn)
Scrolls
 h - a scroll of enchant armour {unknown}
Potions
 f - a potion of berserk rage {unknown}
 g - a potion of heal wounds {unknown}


   Skills:
 + Level 4.5 Fighting
 + Level 4.5 Short Blades
 + Level 0.8 Long Blades
 + Level 0.8 Axes
 + Level 0.8 Maces & Flails
 + Level 0.8 Polearms
 + Level 0.8 Staves
 + Level 0.8 Slings
 + Level 0.8 Bows
 + Level 0.8 Crossbows
 + Level 4.5 Throwing
 + Level 0.8 Armour
 + Level 2.6 Dodging
 + Level 7.8 Stealth
 + Level 0.8 Shields
 + Level 0.8 Unarmed Combat
 + Level 0.8 Spellcasting
 + Level 0.5 Conjurations
 + Level 0.5 Hexes
 + Level 0.5 Summonings
 + Level 0.5 Necromancy
 + Level 0.5 Translocations
 + Level 0.5 Transmutations
 + Level 0.5 Fire Magic
 + Level 0.5 Ice Magic
 + Level 0.5 Air Magic
 + Level 0.5 Earth Magic
 + Level 0.5 Poison Magic
 + Level 1.0 Invocations
 + Level 0.8 Evocations


You had 3 spell levels left.
You didn't know any spells.
Your spell library was empty.

Dungeon Overview and Level Annotations

Branches:
Dungeon (2/15)

Altars:

Annotations:
D:2 Robin


Innate Abilities, Weirdness & Mutations

You have very sharp teeth.
Your uncanny sense of smell can sniff out nearby items.
Your experience applies equally to all skills.


Message History

You feel sick.
You hear a shout!
Robin closely misses you. The goblin hits you with a +0 club.
You barely miss Robin. You bite Robin, but do no damage.
Robin is lightly wounded.
You feel sick.
The hobgoblin no longer looks unusually strong.
The goblin no longer looks unusually strong.
Robin hits you but does no damage. The goblin barely misses you.
You closely miss Robin.
Robin is lightly wounded.
Robin completely misses you.
You barely miss Robin.
Robin is lightly wounded.
You feel sick.
You are no longer poisoned.
The hobgoblin no longer looks unusually strong.
The goblin barely misses you.
You hit Robin.
Robin is heavily wounded.
Robin closely misses you. The goblin hits you with a +0 club.
You hit Robin but do no damage.
Robin is heavily wounded.
Robin hits you but does no damage. The goblin hits you with a +0 club.
* * * LOW HITPOINT WARNING * * *
You hit Robin but do no damage. You bite Robin.
Robin is heavily wounded.
Robin hits you with a +0 spear.
* * * LOW HITPOINT WARNING * * *
The goblin hits you with a +0 club.
* * * LOW HITPOINT WARNING * * *
You hit Robin.
Robin is severely wounded.
Robin roars a battlecry!
The goblins go into a battle-frenzy!
You hit Robin but do no damage.
Robin is severely wounded.
The goblin no longer looks unusually strong.
The goblin hits you with a +0 club.
You die...

#### ##..gg########
...grgg@g)...#
.....#.#########.#
S...# #.# .... #.# .#
... #.# #.# #.. #.#
#.# #.############.##
#.# #...............#
#.###..##############


You could see Robin, 3 hobgoblins, 2 goblins and a rat.

Vanquished Creatures
  A dart slug (D:1)
  2 bats (D:1)
  4 endoplasms (D:1)
  2 giant cockroaches (D:1)
  8 goblins
  3 hobgoblins (D:1)
  4 jackals (D:1)
  2 quokkas (D:1)
  A ball python (D:2)
  3 kobolds
  A rat (D:1)
31 creatures vanquished.

Notes
Turn   | Place    | Note
-------+----------+-------------------------------------------
     0 | D:1      | Kangaroobicon the Gnoll Brigand began the quest for the
                  | Orb.
     0 | D:1      | Reached XP level 1. HP: 20/20 MP: 1/1
    94 | D:1      | Reached XP level 2. HP: 21/26 MP: 2/2
   423 | D:1      | Reached XP level 3. HP: 26/31 MP: 3/3
   943 | D:2      | Noticed Robin
   951 | D:2      | Reached skill level 1 in Invocations
   971 | D:2      | Slain by a goblin

Illustrated notes

Levels and vault maps discovered:
D:1:      dpeg_arrival_leaves_temple_mockup, layout_basic
D:2:      layout_basic, minivault_24, uniq_robin, uniq_jessica

Skill      XL: |  1  2  3 |
---------------+----------+-----
Invocations    | 1 |  1.0
Fighting       | |  4.5
Short Blades   | |  4.5
Long Blades    | |  0.8
Axes           | |  0.8
Maces & Flails | |  0.8
Polearms       | |  0.8
Staves         | |  0.8
Slings         | |  0.8
Bows           | |  0.8
Crossbows      | |  0.8
Throwing       | |  4.5
Armour         | |  0.8
Dodging        | |  2.6
Stealth        | |  7.8
Shields        | |  0.8
Unarmed Combat | |  0.8
Spellcasting   | |  0.8
Conjurations   | |  0.5
Hexes          | |  0.5
Summonings     | |  0.5
Necromancy     | |  0.5
Translocations | |  0.5
Transmutations | |  0.5
Fire Magic     | |  0.5
Ice Magic      | |  0.5
Air Magic      | |  0.5
Earth Magic    | |  0.5
Poison Magic   | |  0.5
Evocations     | |  0.8

Action                   || total
-------------------------++-------
Melee: Dagger            ||    93
       Bite              ||     9
 Stab: Sleeping          ||    16
Armor: Robe              ||    12
Dodge: Dodged            ||    53
